Map: Daybreak LE (Void)

Players

ShadowMax - Winner!

  • Race: Zerg Zerg
  • League: Diamond
  • Spawn Location: 1:00

Musumeci

  • Race: Zerg Zerg
  • League: Diamond
  • Spawn Location: 7:00

VOD

Have the link to the VOD?

Description

Time

  • Played on: Jan. 15, 2017, 12:15 p.m.
  • Length: 6:46
Show
View Real Time Build Order
Export as new Build Order

ShadowMax Zerg - Winner!

Build Orders: Hatch First 

Get SALT Encoding   

  12  0:01  Drone  
  13  0:09  Drone  
  14  0:24  Overlord  
  14  0:28  Extractor  
  14  0:29  Drone, Extractor  
  14  0:30  Drone  
  16  0:51  Hatchery  
  16  0:54  Drone  
  16  0:56  Extractor  
  15  0:59  Drone  
  16  1:16  Spawning Pool  
  15  1:19  Drone  
  16  1:26  Drone  
  16  1:27  Drone  
  18  1:37  Drone  
  19  1:44  Overlord  
  19  2:03  Metabolic Boost  
  19  2:04  Queen  
  21  2:11  Evolution Chamber  
  21  2:14  Queen  
  22  2:19  Drone  
  23  2:25  Zergling x2  
  23  2:28  Zergling x2  
  25  2:32  Zergling x2  
  25  2:33  Zergling x2  
  27  2:40  Zergling x2  
  27  2:58  Zergling x6  
  30  3:07  Zergling x2  
  31  3:17  Zerg Melee Weapons Level 1  
  31  3:30  Drone x2  
  33  3:39  Overlord  
  33  3:40  Baneling Nest  
  32  3:47  Drone x2  
  34  3:49  Zergling x2  
  35  4:06  Zergling x10  
  38  4:16  Zergling x2  
  41  4:17  Zergling x6  
  41  4:20  Zergling x2  
  39  4:26  Overlord  
  39  4:35  Baneling x4  
  39  4:36  Baneling x2  
  39  4:38  Zergling x2  
  39  4:39  Zergling x2  
  36  5:03  Zergling x2  
  36  5:04  Zergling x16  
  42  5:12  Baneling  
  42  5:13  Baneling  
  39  5:14  Zergling x4  
  40  5:25  Zergling x8  
  44  5:30  Zergling x2  
  44  5:31  Zergling x2  
  46  5:41  Zergling x8  
  49  5:54  Zergling x8  
  49  5:56  Baneling x2  
  49  5:57  Baneling  
  49  6:08  Zergling x2  
  49  6:09  Zergling x6  
Show
View Real Time Build Order
Export as new Build Order

Musumeci Zerg 

Build Orders: Pool First 

Get SALT Encoding   

  12  0:01  Drone  
  13  0:11  Drone  
  14  0:19  Extractor  
  14  0:23  Drone, Extractor  
  15  0:35  Spawning Pool  
  15  0:38  Extractor  
  15  0:39  Drone  
  15  0:44  Overlord  
  15  1:14  Hatchery  
  14  1:22  Zergling x6  
  17  1:37  Queen, Drone  
  20  1:44  Overlord  
  20  2:06  Drone  
  20  2:07  Drone  
  22  2:13  Queen  
  24  2:20  Drone  
  25  2:31  Drone x2  
  28  2:37  Drone  
  28  2:40  Extractor  
  25  3:05  Drone x3  
  28  3:06  Zergling x6  
  31  3:13  Extractor  
  31  3:15  Drone x2  
  32  3:21  Zergling x4  
  34  3:42  Zergling x4  
  34  3:43  Overlord  
  32  4:17  Zergling x12  
  34  4:27  Metabolic Boost  
  34  4:32  Drone, Lair  
  34  4:33  Drone  
  36  4:41  Baneling Nest  
  36  4:42  Drone x2  
  36  4:43  Evolution Chamber  
  36  4:46  Hatchery  
  31  5:03  Drone  
  31  5:04  Drone x2  
  24  5:25  Zergling x2  
  24  5:26  Zergling x10  
  24  5:27  Queen  
  30  5:35  Queen  
  24  5:43  Drone  
  24  5:44  Drone x2  
  24  5:45  Baneling  
  26  5:53  Zergling x2  
  25  5:57  Baneling x2  
  25  6:00  Baneling  
  13  6:21  Zergling x2  
  13  6:22  Zergling x6  
  16  6:32  Drone  
Tags
 
Add a new tag
Caveats
  • Supply blocks, unpowered buildings, or Contaminate may cause inaccurate times.
  • Supply counts are checked every 10 seconds.